 Dungeon Crawl Stone Soup version 0.23-a0-844-gdc03e01 (console) character file.

4 bli the Skirmisher (level 1, -2/18 HPs)
             Began as a Formicid Abyssal Knight on Jan 26, 2019.
             Was a Follower of Lugonu.
             Slain by a leopard gecko (3 damage)
             ... on level 1 of the Dungeon.
             The game lasted 00:01:32 (177 turns).

bli the Skirmisher (Formicid Abyssal Knight)         Turns: 177, Time: 00:01:32

Health: -2/18      AC:  3    Str: 16    XL:     1   Next: 77%
Magic:  2/2        EV: 11    Int: 11    God:    Lugonu [*.....]
Gold:   5          SH:  0    Dex: 10    Spells: 0/0 levels left

rFire    . . .     SeeInvis +   a - +1 hand axe
rCold    . . .     Gourm    .   (no shield)
rNeg     . . .     Faith    .   b - +0 leather armour
rPois    .         Spirit   .   (helmet unavailable)
rElec    .         Reflect  .   (no cloak)
rCorr    .         Harm     .   (no gloves)
MR       .....                  (no boots)
Stlth    +.........             (no amulet)
HPRegen  0.06/turn              (no ring)
MPRegen  0.08/turn              (no ring)

@: no status effects
A: permanent stasis, dig shafts and tunnels, four strong arms, antennae 3
a: Dig, Shaft Self, Depart the Abyss, Renounce Religion


You were on level 1 of the Dungeon.
You worshipped Lugonu.
Lugonu was aware of your devotion.
You were not hungry.

You visited 1 branch of the dungeon, and saw 1 of its levels.
You visited the Abyss 1 time.

You collected 5 gold pieces.

Inventory:

Hand Weapons
 a - a +1 hand axe (weapon)
Armour
 b - a +0 leather armour (worn)
Scrolls
 e - 3 scrolls of teleportation {unknown}
Potions
 d - 2 potions of curing {unknown}
Comestibles
 c - a ration


   Skills:
 - Level 3.2 Fighting
 - Level 2.0 Axes
 * Level 2.4 Armour
 * Level 1.2 Dodging
 - Level 2.1 Invocations


You couldn't memorise any spells.
You didn't know any spells.
Your spell library was empty.

Dungeon Overview and Level Annotations

Branches:
Dungeon (1/15)

Altars:


Innate Abilities, Weirdness & Mutations

You cannot be hasted, slowed, berserked, paralysed or teleported.
You can dig through walls and to a lower floor.
Your four strong arms can wield two-handed weapons with a shield.
You have a pair of large antennae on your head. (SInv)


Message History

The leopard gecko barely misses you.
You hit the hobgoblin.
You kill the hobgoblin!
Lugonu accepts your kill.
You hit the leopard gecko but do no damage.
The leopard gecko bites you. The goblin hits you but does no damage.
You hit the goblin.
You kill the goblin!
Lugonu accepts your kill.
You closely miss the leopard gecko. The leopard gecko bites you.
* * * LOW HITPOINT WARNING * * *
The leopard gecko bites you.
* * * LOW HITPOINT WARNING * * *
You barely miss the leopard gecko.
The leopard gecko is almost dead.
The leopard gecko bites you but does no damage.
You miss the leopard gecko.
The leopard gecko is almost dead.
The leopard gecko bites you.
You die...

#######
############.....#
.................######.
#########...............
#...............
#...............
#........l......
###.....@###.
#......)...>..
#......##....( #......#
##.# #.###.## #.# #.# #.
#.# #.#


You could see a leopard gecko.

Vanquished Creatures
  2 hobgoblins (D:1)
  A goblin (D:1)
  2 rats (D:1)
5 creatures vanquished.

Notes
Turn   | Place    | Note
-------+----------+-------------------------------------------
     0 | Abyss:1  | bli the Formicid Abyssal Knight began the quest for the
                  | Orb.
     0 | Abyss:1  | Reached XP level 1. HP: 18/18 MP: 2/2
     2 | Abyss:1  | Found a corrupted altar of Lugonu.
    48 | Abyss:1  | Noticed a flying skull
    74 | Abyss:1  | Noticed an ancient zyme
    95 | Abyss:1  | Noticed a raiju
   121 | D:1      | Escaped the Abyss
   170 | D:1      | Reached * piety under Lugonu
   170 | D:1      | Reached skill level 1 in Dodging
   177 | D:1      | Slain by a leopard gecko

Vault maps used:
D:1:      minmay_arrival_jagged

Skill      XL: |  1 |
---------------+----+-----
Dodging        | 1 |  1.2
Fighting       | |  3.2
Axes           | |  2.0
Armour         | |  2.4
Invocations    | |  2.1

Action                   || total
-------------------------++-------
Melee: Hand axe          ||    12
Invok: Depart the Abyss  ||     1
 Abil: Dig               ||     1
Armor: Leather armour    ||     4
Dodge: Dodged            ||     7

Table legend:
 A = Non-vault XP
 B = Vault XP
 C = Vault XP percentage of total XP
 D = Non-vault monster count
 E = Vault monster count
 F = Vault count percentage of total count
                 A         B        C        D         E       F
            +---------+---------+-------+---------+---------+-------
      Total |       7 |       0 |   0.0 |       5 |       0 |   0.0
            +---------+---------+-------+---------+---------+-------
        D:1 |       7 |       0 |   0.0 |       5 |       0 |   0.0
            +---------+---------+-------+---------+---------+-------
